 Dungeon Crawl Stone Soup version 0.28-b1-25-g9875b3fc8c (webtiles) character file.

Game seed: 1045877995045043073

431 BeingJoeMalik the Slasher (level 6, 0/37 HPs)
             Began as a Tengu Fighter on Feb 1, 2022.
             Was a Follower of Kikubaaqudgha.
             Slain by Edmund (2 damage)
             ... on level 4 of the Dungeon.
             The game lasted 00:10:46 (3992 turns).

BeingJoeMalik the Slasher (Tengu Fighter)           Turns: 3992, Time: 00:10:47

Health: 0/37       AC:  6    Str: 19    XL:     6   Next: 99%
Magic:  7/7        EV: 10    Int:  8    God:    Kikubaaqudgha [*.....]
Gold:   83         SH:  9    Dex: 13    Spells: 1/5 levels left

rFire   . . .      SeeInvis .   a - +0 long sword
rCold   + . .      Faith    .   c - +0 buckler
rNeg    . . .      Spirit   .   b - +0 scale mail
rPois   +          Reflect  +   (helmet restricted)
rElec   .          Harm     .   (no cloak)
rCorr   .          Rampage  .   (no gloves)
Will    .....                   (boots unavailable)
Stlth   +.........              p - amulet of reflection
HPRegen 0.12/turn               r - ring "Geveur" {rPois rC+ Stlth+}
MPRegen 0.10/turn               (no ring)

@: flying quickly and evasively, quick
A: beak, talons 3, nimble flight
a: Renounce Religion, Receive Corpses


You were on level 4 of the Dungeon.
You worshipped Kikubaaqudgha.
Kikubaaqudgha was aware of your devotion.
You visited 2 branches of the dungeon, and saw 5 of its levels.

You collected 181 gold pieces.
You spent 98 gold pieces at shops.

Inventory:

Hand Weapons
 a - a +0 long sword (weapon)
 n - a +2 short sword of speed
Missiles
 i - 3 poisoned darts (quivered)
Armour
 b - a +0 scale mail (worn)
 c - a +0 buckler (worn)
Jewellery
 p - an amulet of reflection (around neck)
 r - the ring "Geveur" (left hand) {rPois rC+ Stlth+}
   (You found it on level 3 of the Dungeon)

   [ring of protection from cold]

   rC:        It protects you from cold.
   rPois:     It protects you from poison.
   Stlth:     It makes you more stealthy.
Wands
 d - a wand of iceblast (8)
 o - a wand of paralysis (13)
Scrolls
 f - 2 scrolls of fear {unknown}
 j - 2 scrolls of summoning {unknown}
 l - a scroll of magic mapping {unknown}
 m - a scroll of enchant weapon {unknown}
 q - a scroll of identify
 s - a scroll of teleportation {unknown}
Potions
 e - a potion of attraction
 g - 2 potions of heal wounds
 h - a potion of brilliance


   Skills:
 - Level 3.0 Fighting
 + Level 7.8 Long Blades
 - Level 3.2 Armour
 + Level 3.2 Shields


You had one spell level left.
You knew the following spells:

 Your Spells              Type           Power      Damage    Failure   Level
a - Animate Skeleton      Necr           0%         N/A       86%         1
b - Vampiric Draining     Necr           0%         2d6       99%         3

Your spell library contained the following spells:

 Spells                   Type           Power      Damage    Failure   Level
 Pain                     Necr           0%         1d4       86%         1
 Agony                    Necr           0%         N/A       100%        5


Dungeon Overview and Level Annotations

Branches:
Dungeon (4/15)             Temple (1/1) D:4

Altars:
Cheibriados
Elyvilon
Hepliaklqana
Kikubaaqudgha
Nemelex Xobeh
Qazlal
Uskayaw
Vehumet
Xom
Yredelemnul
The Shining One

Shops:
D:2 *[

Annotations:
D:4 Edmund, Eustachio


Innate Abilities, Weirdness & Mutations

You have a beak for a mouth.
You have claws for feet.
Your magical nature lets you fly swiftly and evasively.


Message History

You slash Edmund! You claw Edmund. You peck Edmund, but do no damage.
Edmund is severely wounded.
Edmund drinks a potion.
Edmund is healed!
You closely miss Edmund. Your kick misses Edmund. Your peck misses Edmund.
Edmund is moderately wounded.
Edmund completely misses you.
You closely miss Edmund.
Edmund is moderately wounded.
Edmund hits you with a +2 vorpal flail!
You slash Edmund! You claw Edmund, but do no damage. Your peck misses Edmund.
Edmund is moderately wounded.
Edmund misses you.
You hit Edmund.
Edmund is heavily wounded.
Edmund closely misses you.
You hit Edmund. Your peck misses Edmund.
Edmund is heavily wounded.
Edmund barely misses you.
You slash Edmund! You claw Edmund, but do no damage. You peck Edmund.
Edmund is severely wounded.
Edmund hits you with a +2 vorpal flail.
You hit Edmund. Your kick misses Edmund.
Edmund is severely wounded.
Edmund hits you with a +2 vorpal flail.
* * * LOW HITPOINT WARNING * * *
x2 You hit Edmund but do no damage.
You claw Edmund!
Edmund is almost dead.
Edmund barely misses you.
You barely miss Edmund. You peck Edmund.
Edmund is almost dead.
Edmund hits you but does no damage.
You completely miss Edmund. You claw Edmund.
Edmund is almost dead.
You block Edmund's attack.
You closely miss Edmund. You peck Edmund.
Edmund is almost dead.
Edmund hits you with a +2 vorpal flail!
* * * LOW HITPOINT WARNING * * *
You die...
Kikubaaqudgha rasps: "You have failed me!
Welcome... death!"

## #. #)
#### #.
###########.
.....##.
#...@@......
........
#)#####.##..
#< ###.# ##
###...#
#.....#
#.###.###
#.# #...
#.###.### #+
# #.....#
... #


You could see Edmund.

Vanquished Creatures
  A necrophage (D:4)
  An ogre (D:4)
  A scorpion (D:3)
  Robin (D:3)
  4 gnolls (D:2)
  4 adders
  5 worms
  A dart slug (D:3)
  4 orcs (D:3)
  4 ball pythons
  4 bats
  14 endoplasms
  4 giant cockroaches (D:1)
  10 goblins
  7 hobgoblins
  4 quokkas
  5 frilled lizards
  7 kobolds
  4 rats
85 creatures vanquished.

Notes
Turn   | Place    | Note
-------+----------+-------------------------------------------
     0 | D:1      | BeingJoeMalik the Tengu Fighter began the quest for the
                  | Orb.
     0 | D:1      | Reached XP level 1. HP: 14/14 MP: 2/2
    97 | D:1      | Reached XP level 2. HP: 17/19 MP: 3/3
    99 | D:1      | Reached skill level 3 in Long Blades
   310 | D:1      | Found a faded altar of an unknown god.
   506 | D:1      | Reached XP level 3. HP: 22/23 MP: 4/4
   922 | D:2      | Found Cistra Mura's Armour Shop.
   925 | D:2      | Reached skill level 4 in Long Blades
  1197 | D:2      | You fall into a shaft and drop 2 floors!
  1206 | D:4      | Noticed a necrophage
  1220 | D:4      | Killed a necrophage
  1221 | D:4      | Reached skill level 5 in Long Blades
  1221 | D:4      | Reached XP level 4. HP: 27/28 MP: 5/5
  1221 | D:4      | Gained mutation: Your magical nature lets you fly swiftly
                  | and evasively. [Tengu growth]
  1221 | D:4      | Reached XP level 5. HP: 31/32 MP: 6/6
  1247 | D:4      | Noticed an ogre
  1251 | D:4      | Killed an ogre
  1252 | D:4      | Reached skill level 6 in Long Blades
  1252 | D:4      | Reached XP level 6. HP: 35/37 MP: 7/7
  1303 | D:4      | Found a staircase to the Ecumenical Temple.
  1309 | Temple   | Entered the Ecumenical Temple
  1442 | Temple   | Became a worshipper of Kikubaaqudgha
  1459 | D:4      | Noticed Eustachio
  1563 | D:4      | Noticed Edmund
  1785 | D:3      | Found a snail-covered altar of Cheibriados.
  1799 | D:3      | Noticed Robin
  1810 | D:3      | Killed Robin
  2262 | D:2      | Reached skill level 7 in Long Blades
  2657 | D:2      | Found Lery's General Store.
  2674 | D:2      | Bought a potion of heal wounds for 70 gold pieces
  2674 | D:2      | Bought a scroll of identify for 28 gold pieces
  2708 | D:2      | Reached * piety under Kikubaaqudgha
  2708 | D:2      | Received a gift from Kikubaaqudgha
  2711 | D:2      | Learned a level 1 spell: Animate Skeleton
  2715 | D:2      | Learned a level 3 spell: Vampiric Draining
  3325 | D:3      | Identified the ring "Geveur" {rPois rC+ Stlth+}
  3473 | D:3      | Found a sparkling altar of Nemelex Xobeh.
  3992 | D:4      | Slain by Edmund

Illustrated notes

Levels and vault maps discovered:
D:1:      dpeg_arrival_ternary, layout_basic, ebering_ecumenical_altar_webs,
          corexii_item_surrounded_by_moat
D:2:      layout_basic, serial_shops, shop, nicolae_shop_trees, nrook_campfire
D:3:      layout_basic, cheibriados_altar_1, nemelex_diamond_rough_becter,
          kennysheep_generic_room_13, uniq_robin
D:4:      layout_loops_corners, lightli_temple_of_fire,
          minmay_temple_entry_hall, uniq_sigmund, uniq_eustachio, uniq_edmund
Temple:   nicolae_temple_figure_zero

Skill      XL: |  1  2  3  4  5  6 |
---------------+-------------------+-----
Long Blades    | 3 5 6 7 |  7.8
Fighting       | |  3.0
Armour         | |  3.2
Shields        | |  3.2

Action                   |  1- 3 |  4- 6 || total
-------------------------+-------+-------++-------
Melee: Long sword        |    86 |   136 ||   222
       Peck              |    11 |    18 ||    29
       Kick              |    21 |    41 ||    62
Throw: Dart              |       |     8 ||     8
  Use: Potion            |     1 |     1 ||     2
       Scroll            |       |     2 ||     2
 Stab: Invisible         |       |     2 ||     2
       Sleeping          |       |     1 ||     1
Armor: Scale mail        |    35 |    46 ||    81
Dodge: Dodged            |    42 |    70 ||   112
Block: Buckler           |    16 |    38 ||    54
